 Dungeon Crawl Stone Soup version 0.22-a0-772-gac08f70 (webtiles) character file.

40 Amnesiac the Digger (level 3, 0/24 HPs)
             Began as a Demonspawn Earth Elementalist on July 17, 2018.
             Slain by a worm (5 damage)
             ... on level 2 of the Dungeon.
             The game lasted 00:01:23 (483 turns).

Amnesiac the Digger (Demonspawn Earth Elementalist)  Turns: 483, Time: 00:01:24

Health: 0/24       AC:  2    Str:  8    XL:     3   Next: 30%
Magic:  0/6        EV: 12    Int: 17    God:
Gold:   51         SH:  0    Dex: 13    Spells: 3/6 levels left

rFire    + . .     SeeInvis .   e - +0 short sword
rCold    . . .     Gourm    .   (no shield)
rNeg     . . .     Faith    .   c - +0 robe
rPois    .         Spirit   .   (no helmet)
rElec    .         Reflect  .   (no cloak)
rCorr    .         Harm     .   (no gloves)
MR       .....                  (no boots)
Stlth    +++.......             (no amulet)
HPRegen  0.08/turn              a - ring of stealth
MPRegen  0.10/turn              (no ring)

@: no status effects
A: fire resistance 1
a: no special abilities


You were on level 2 of the Dungeon.
You were not hungry.

You visited 1 branch of the dungeon, and saw 2 of its levels.

You collected 51 gold pieces.

Inventory:

Hand Weapons
 e - a +0 short sword (weapon)
Missiles
 b - 18 stones (quivered)
Armour
 c - a +0 robe (worn)
Jewellery
 a - a ring of stealth (left hand)
Scrolls
 f - a scroll of immolation {!r, unknown}
Potions
 h - a potion of curing {!q, unknown}
 i - a potion of haste {!q, unknown}
 j - 3 potions of brilliance {!q, unknown}
Comestibles
 d - 3 rations


   Skills:
 + Level 2.2 Dodging
 - Level 2.0 Stealth
 + Level 2.3 Spellcasting
 - Level 1.2 Transmutations
 * Level 3.2 Earth Magic


You had 3 spell levels left.
You knew the following spells:

 Your Spells              Type           Power        Failure   Level  Hunger
a - Sandblast             Erth           ##....       4%          1    #......
b - Passwall              Tmut/Erth      #.......     11%         2    ##.....

Your spell library contained the following spells:

 Spells                   Type           Power        Failure   Level  Hunger
 Stone Arrow              Conj/Erth      #.....       28%         3    ###....
 Lee's Rapid Deconstruct  Erth           ##........   80%         5    ######.
 Petrify                  Tmut/Erth      #.......     58%         4    #####..


Dungeon Overview and Level Annotations

Branches:
Dungeon (2/15)

Altars:


Innate Abilities, Weirdness & Mutations

Your flesh is heat resistant. (rF+)


Message History

b - 23 stones Jessica shouts!
Casting: Sandblast (safe; 6% risk of failure)
Confirm with . or Enter, or press ? or * to list all spells.
Aiming: Sandblast (safe; 6% risk of failure)
Press: ? - help, Shift-Dir - straight line, f - Jessica
Aim: Jessica, wearing a robe The blast of sand hits Jessica.
Jessica is severely wounded.
b - 22 stones
Casting: Sandblast (safe; 6% risk of failure)
Confirm with . or Enter, or press ? or * to list all spells.
Aiming: Sandblast (safe; 6% risk of failure)
Press: ? - help, Shift-Dir - straight line, f/p - Jessica
Aim: Jessica, wearing a robe (severely wounded)
The blast of sand hits Jessica.
You kill Jessica!
Training target 1.0 for Transmutations reached!
Your Transmutations skill increases to level 1!
You have reached level 3!
Your experience leads to an increase in your attributes!
Increase (S)trength, (I)ntelligence, or (D)exterity?
You feel clever.
b - 21 stones
Things that are here:
a robe; a short sword A worm comes into view.
A worm is nearby!
Casting: Sandblast (safe; 4% risk of failure)
Confirm with . or Enter, or press ? or * to list all spells.
Aiming: Sandblast (safe; 4% risk of failure)
Press: ? - help, Shift-Dir - straight line, f - worm
Aim: a worm The blast of sand hits the worm.
The worm is moderately wounded.
b - 20 stones
Casting: Sandblast (safe; 4% risk of failure)
Confirm with . or Enter, or press ? or * to list all spells.
Aiming: Sandblast (safe; 4% risk of failure)
Press: ? - help, Shift-Dir - straight line, f/p - worm
Aim: a worm (moderately wounded)
The blast of sand hits the worm.
The worm is severely wounded.
b - 19 stones
Casting: Sandblast (safe; 4% risk of failure)
Confirm with . or Enter, or press ? or * to list all spells.
You don't have enough magic to cast that spell.
You barely miss the worm.
The worm is severely wounded.
The worm bites you!
* * * LOW HITPOINT WARNING * * *
You hit the worm.
The worm is severely wounded.
A rat comes into view.
Casting: Sandblast (safe; 4% risk of failure)
Confirm with . or Enter, or press ? or * to list all spells.
Aiming: Sandblast (safe; 4% risk of failure)
Press: ? - help, Shift-Dir - straight line, f/p - worm
Aim: a worm (severely wounded)
The blast of sand hits the worm.
The worm is almost dead.
b - 18 stones The worm bites you.
You die...

###.##.r.. #..
..... ###
#.........!.
#..........#
.#....#..#..##.#
................
#......w......#
#.##..@#####.#
#.......[....#
####...#######
#...# #...#
#...######
######........###
..................
..................


You could see a worm and a rat.

Vanquished Creatures
  Jessica (D:2)
  A bat (D:1)
  4 goblins (D:1)
  2 hobgoblins (D:1)
  A frilled lizard (D:1)
  2 kobolds
  4 rats (D:1)
15 creatures vanquished.

Notes
Turn   | Place    | Note
-------+----------+-------------------------------------------
     0 | D:1      | Amnesiac the Demonspawn Earth Elementalist began the quest for the Orb.
     0 | D:1      | Reached XP level 1. HP: 13/13 MP: 3/3
   103 | D:1      | Gained mutation: Your flesh is heat resistant. (rF+) [demonic ancestry]
   103 | D:1      | Reached XP level 2. HP: 15/19 MP: 0/5
   116 | D:1      | Learned a level 2 spell: Passwall
   149 | D:1      | Reached skill level 3 in Earth Magic
   470 | D:2      | Noticed Jessica
   475 | D:2      | Killed Jessica
   475 | D:2      | Reached skill level 1 in Transmutations
   475 | D:2      | Reached XP level 3. HP: 15/24 MP: 2/6
   483 | D:2      | Slain by a worm

Vault maps used:
D:1:      eino_arrival_water_star, minmay_tetromino_o2
D:2:      led_sif_pool, nicolae_ashenzari_panopticon, grunt_qazlal_clouds,
          uniq_jessica

Skill      XL: |  1  2 |
---------------+-------+-----
Stealth        | 2 |  2.0
Dodging        | 2 |  2.2
Earth Magic    | 3 |  3.2
Transmutations | 1 |  1.2
Spellcasting   | |  2.3

Action                   || total
-------------------------++-------
Melee: Short sword       ||    31
 Cast: Sandblast         ||    13
 Stab: Sleeping          ||     1
Armor: Robe              ||    12
Dodge: Dodged            ||    28

Table legend:
 A = Spawn XP
 B = Non-spawn XP
 C = Spawn XP percentage of total XP
 D = Spawn monster count
 E = Non-spawn monster count
 F = Spawn count percentage of total count
 G = Total turns spent on level
                    A         B        C        D         E        F      G
               +---------+---------+-------+---------+---------+-------+---------
         Total |       0 |      58 |   0.0 |       0 |      15 |   0.0 |   483
               +---------+---------+-------+---------+---------+-------+---------
           D:1 |       0 |      20 |   0.0 |       0 |      13 |   0.0 |   456
           D:2 |       0 |      38 |   0.0 |       0 |       2 |   0.0 |    27
               +---------+---------+-------+---------+---------+-------+---------
